Map: Eternal Empire LE

Players

A.I. 1 (Very Hard)

  • Race: Protoss Protoss
  • Spawn Location: 7:00

jheffe - Winner!

  • Race: Terran Terran
  • League: Grandmaster
  • Spawn Location: 1:00

VOD

Have the link to the VOD?

Description

Time

  • Played on: Aug. 26, 2020, 10:45 p.m.
  • Length: 8:39
Show
View Real Time Build Order
Export as new Build Order

A.I. 1 (Very Hard) Protoss 

Build Orders: Colossus Rush 

Get SALT Encoding   

  12  0:00  Probe  
  13  0:13  Probe  
  14  0:20  Pylon  
  14  0:25  Probe  
  15  0:34  Probe  
  15  0:42  Probe  
  16  0:47  Assimilator  
  17  0:50  Gateway  
  17  0:52  Probe  
  18  1:00  Pylon, Probe  
  18  1:08  Probe  
  20  1:18  Probe  
  21  1:30  Probe  
  22  1:39  Zealot  
  24  1:43  Probe  
  25  1:48  Nexus  
  25  1:59  Probe, Cybernetics Core  
  25  2:07  Probe  
  27  2:15  Probe  
  28  2:26  Pylon  
  28  2:27  Warp Gate  
  28  2:28  Probe  
  28  2:37  Stalker  
  28  2:40  Probe  
  30  2:48  Gateway  
  30  2:52  Probe  
  30  2:53  Assimilator  
  31  3:02  Probe  
  31  3:07  Probe, Adept  
  31  3:11  Probe  
  34  3:17  Pylon  
  34  3:19  Probe x2  
  36  3:32  Probe x2  
  38  3:37  Adept  
  38  3:40  Robotics Facility  
  39  3:41  Adept  
  39  3:44  Probe  
  42  3:48  Probe  
  43  3:56  Probe  
  43  4:01  Probe  
  45  4:06  Probe  
  45  4:07  Adept  
  48  4:13  Probe  
  48  4:14  Probe  
  49  4:17  Adept  
  49  4:22  Probe  
  52  4:25  Probe  
  52  4:31  Robotics Bay  
  54  4:32  Pylon  
  54  4:34  Probe, Adept  
  54  4:36  Observer  
  54  4:37  Probe  
  59  4:42  Robotics Facility  
  59  4:46  Probe  
  59  4:48  Pylon  
  59  4:50  Stalker  
  62  4:55  Stalker  
  62  4:59  Probe  
  65  5:00  Probe  
  65  5:01  Pylon  
  66  5:07  Colossus  
  72  5:25  Pylon  
  72  5:26  Zealot  
  74  5:29  Zealot  
  76  5:40  Pylon  
  76  5:42  Gateway  
  76  5:45  Assimilator, Probe x2  
  76  5:46  Sentry  
  76  5:48  Assimilator  
  76  5:49  Stalker  
  83  5:57  Probe  
  83  6:06  Probe  
  83  6:08  Probe  
  83  6:10  Zealot  
  87  6:12  Immortal  
  87  6:13  Stalker  
  87  6:14  Probe  
  87  6:15  Pylon  
  87  6:16  Probe  
  95  6:27  Immortal  
  95  6:30  Stalker  
  101  6:36  Pylon  
  101  6:42  Forge  
  101  6:46  Forge  
  101  6:49  Pylon  
  101  6:51  Colossus, Probe  
  98  6:54  Zealot  
  98  6:55  Sentry  
  98  6:56  Zealot  
  74  7:07  Probe x2  
  66  7:14  Adept  
  42  7:17  Stalker, Probe  
  13  7:53  Probe  
Show
View Real Time Build Order
Export as new Build Order

jheffe Terran - Winner!

Build Orders: Reaper Expand 

Get SALT Encoding   

  12  0:00  SCV  
  13  0:12  SCV  
  14  0:17  Supply Depot  
  14  0:24  SCV  
  15  0:38  SCV  
  15  0:39  Barracks  
  16  0:44  Refinery  
  16  0:50  SCV  
  17  1:03  SCV  
  18  1:15  SCV  
  19  1:28  Reaper  
  19  1:29  Orbital Command  
  20  1:41  Command Center  
  20  1:49  Supply Depot  
  20  1:55  SCV  
  20  2:00  Marine  
  22  2:07  SCV  
  23  2:10  Factory  
  23  2:16  Bunker  
  23  2:20  SCV  
  24  2:22  Barracks Reactor  
  24  2:26  Refinery  
  24  2:33  SCV  
  25  2:49  SCV  
  26  2:53  Orbital Command  
  26  2:57  Starport  
  26  2:58  Hellion  
  28  3:01  Marine, SCV  
  28  3:04  Marine  
  31  3:14  SCV  
  31  3:19  SCV  
  33  3:21  Marine  
  33  3:22  Marine, Factory Tech Lab  
  33  3:26  SCV  
  36  3:29  Barracks  
  36  3:31  SCV  
  37  3:38  SCV  
  37  3:39  Marine  
  37  3:40  Marine  
  40  3:43  SCV, Supply Depot  
  40  3:48  Factory Tech Lab  
  41  3:50  SCV  
  41  3:53  Raven  
  44  3:56  SCV  
  44  3:59  Marine  
  46  4:04  Marine  
  46  4:05  Barracks, SCV  
  46  4:08  SCV  
  49  4:15  Factory Reactor  
  50  4:17  SCV  
  50  4:18  Supply Depot  
  50  4:19  Engineering Bay  
  50  4:20  SCV  
  50  4:22  Marine  
  51  4:24  Refinery  
  51  4:29  SCV  
  51  4:30  Marauder, Stimpack  
  54  4:33  Supply Depot  
  54  4:39  SCV  
  54  4:41  Marine x2, SCV  
  58  4:46  Terran Infantry Weapons Level 1  
  58  4:51  SCV, Supply Depot  
  59  4:53  SCV  
  59  4:58  Factory Reactor  
  59  4:59  Marauder  
  62  5:01  Marauder  
  62  5:02  Marine x2  
  62  5:03  SCV  
  62  5:05  SCV  
  62  5:06  Refinery  
  68  5:10  Combat Shield, Supply Depot  
  68  5:16  SCV  
  68  5:17  SCV, Supply Depot  
  72  5:22  Marine x2  
  72  5:23  Marauder x2  
  76  5:29  Medivac  
  76  5:32  Medivac  
  80  5:36  Widow Mine  
  80  5:37  Widow Mine, Supply Depot  
  80  5:40  Marine x2  
  86  5:48  Marauder x2  
  90  5:53  Supply Depot  
  90  5:57  Marine  
  90  5:58  Marine, Widow Mine  
  90  5:59  Medivac, Widow Mine  
  98  6:05  Medivac  
  100  6:14  Marauder, Concussive Shells  
  100  6:15  Marauder, Supply Depot  
  104  6:21  Marine x2, Supply Depot  
  106  6:26  Command Center  
  106  6:35  Marauder  
  106  6:36  Marauder  
  108  6:45  Barracks  
  108  6:46  Barracks, SCV  
  109  6:53  Marine  
  109  6:54  SCV  
  107  6:56  Marauder  
  107  6:58  SCV  
  107  6:59  Supply Depot  
  104  7:02  Marine, Marauder  
  104  7:06  SCV  
  104  7:07  Medivac x2  
  111  7:11  SCV  
  109  7:18  SCV  
  109  7:20  Marine  
  109  7:21  Marauder  
  113  7:23  SCV  
  113  7:24  Marauder  
  116  7:30  SCV  
  116  7:35  SCV  
  116  7:38  Barracks Tech Lab, Barracks Reactor  
  116  7:39  Orbital Command  
  116  7:42  SCV  
  117  7:45  Marine  
  117  7:46  Marine, Marauder x2  
  117  7:47  SCV  
  120  7:54  SCV  
  120  7:57  Armory  
  121  7:59  Engineering Bay  
  121  8:00  SCV  
  121  8:02  Marine x2, Marauder  
  121  8:03  Viking x2  
  121  8:05  SCV  
  131  8:06  SCV  
  131  8:09  Refinery  
  131  8:10  Refinery  
  131  8:11  Marine, Supply Depot  
  131  8:12  Marine, SCV  
  135  8:13  Supply Depot  
  135  8:16  Marauder x2  
  135  8:17  SCV  
  135  8:18  SCV  
  141  8:24  Bunker, SCV  
  142  8:27  Missile Turret  
  142  8:28  Missile Turret  
  142  8:30  Missile Turret  
Tags
 
Add a new tag
Caveats
  • Supply blocks, unpowered buildings, or Contaminate may cause inaccurate times.
  • Supply counts are checked every 10 seconds.